 Dungeon Crawl Stone Soup version 0.31-a0-1-g4198be8af4 (webtiles) character file.

Game seed: 6130035332662492430

110443 jlumianski the Demonic Cataclysm (level 16, -4/124 HPs)
             Began as a Demonspawn Fighter on Apr 26, 2023.
             Was a High Priest of Qazlal.
             Slain by a naga
             ... wielding a +0 long sword
              (13 damage)
             ... on level 2 of the Snake Pit on May 1, 2023.
             The game lasted 02:04:32 (26843 turns).

jlumianski the Demonic Cataclysm (DsFi)            Turns: 26843, Time: 02:04:32

Health: -4/124     AC: 29    Str: 31    XL:     16   Next: 7%
Magic:  37/38      EV:  8    Int: 15    God:    Qazlal [*****.]
Gold:   429        SH: 18    Dex: 12    Spells: 15/15 levels left

rFire   . . .        P - +5 broad axe (elec)
rCold   + . .        A - +0 kite shield {reflect}
rNeg    . . .        E - +1 chain mail {rPois}
rPois   +            N - +3 hat of Pondering {ponderous, Will+ MP+10 Int+5}
rElec   .            D - +0 cloak
rCorr   .            (no gloves)
SInv    .            Y - +2 pair of boots
Will    ++...        Q - amulet "Dogg" {rC+ Regen+ Stlth+} Stlth
                     p - +6 ring of strength
HPRegen 1.20/turn    H - +4 ring of protection
MPRegen 0.26/turn

%: repel missiles, reflection
@: lethally poisoned (-4 -> -5), protected from physical damage, slowed,
constricted, very slow
A: antennae 1, slimy green scales 2, ignite blood 1, demonic magic 2
a: Renounce Religion, Upheaval, Elemental Force, Disaster Area


You were on level 2 of the Snake Pit.
You worshipped Qazlal.
Qazlal was extremely pleased with you.
You visited 5 branches of the dungeon, and saw 25 of its levels.

You collected 2618 gold pieces.
You spent 2189 gold pieces at shops.

Inventory:

Hand Weapons
 f - a +2 executioner's axe of electrocution
 q - a +5 mace of protection
 P - a +5 broad axe of electrocution (weapon)
Missiles
 g - 10 javelins
 m - 4 throwing nets
 w - 39 poisoned darts (quivered)
 G - 13 boomerangs
 M - 12 curare-tipped darts
Armour
 i - a +2 buckler of fire resistance
 A - a +0 kite shield of reflection (worn)
 D - a +0 cloak (worn)
 E - a +1 chain mail of poison resistance (worn)
 N - the +3 hat of Pondering (worn) {ponderous, Will+ MP+10 Int+5}
   (You took it off Gastronok on level 3 of the Lair of Beasts)

   Int:       It affects your intelligence (+5).
   MP:        It affects your magic capacity (+10).
   Will:      It increases your willpower.
 Y - a +2 pair of boots (worn)
Jewellery
 a - a ring of protection from fire
 b - a ring of willpower
 o - the ring "Xeismos" {rPois rF+}
   (You found it on level 1 of the Snake Pit)

   [ring of protection from fire]

   rF:        It protects you from fire.
   rPois:     It protects you from poison.
 p - a +6 ring of strength (left hand)
 r - a ring of resist corrosion
 H - a +4 ring of protection (right hand)
 Q - the amulet "Dogg" (around neck) {rC+ Regen+ Stlth+}
   (You bought it in a shop on level 2 of the Orcish Mines)

   [amulet of regeneration]

   rC:        It protects you from cold.
   Regen:     It increases your rate of health regeneration.
   Stlth:     It makes you more stealthy.
 T - the ring of Figimirr {rElec rC+ Int+6 SInv}
   (You took it off a crimson imp on level 9 of the Dungeon)

   [ring of intelligence]

   Int:       It affects your intelligence (+6).
   rC:        It protects you from cold.
   rElec:     It insulates you from electricity.
   SInv:      It lets you see invisible.
Wands
 s - a wand of paralysis (15)
 v - a wand of digging (13)
 J - a wand of flame (28)
 L - a wand of iceblast (23)
Scrolls
 k - 7 scrolls of poison
 x - 2 scrolls of fog
 F - 2 scrolls of magic mapping
 R - 8 scrolls of identify
 S - 8 scrolls of teleportation
 U - 3 scrolls of fear
Potions
 c - a potion of berserk rage
 h - 5 potions of flight
 j - 5 potions of attraction
 l - 5 potions of heal wounds
 n - a potion of might
 t - 3 potions of invisibility
 z - 2 potions of resistance
 B - 2 potions of cancellation
 C - 4 potions of haste
 K - 4 potions of curing
Miscellaneous
 d - a box of beasts
 e - a phial of floods


   Skills:
 + Level 10.6 Fighting
 - Level 1.0 Long Blades
 + Level 15.4 Axes
 + Level 1.5(10.1) Maces & Flails
 + Level 2.7 Throwing
 + Level 8.5 Armour
 + Level 7.8 Dodging
 + Level 11.8 Shields
 * Level 16.4 Invocations
 * Level 4.5 Evocations


You had 15 spell levels left.
You didn't know any spells.
Your spell library contained the following spells:

 Spells                   Type           Power      Damage    Failure   Level
 Apportation              Tloc           0%         N/A       80%         1
 Beastly Appendage        Tmut           0%         N/A       80%         1
 Necrotise                Necr           0%         1d4       80%         1
 Shock                    Conj/Air       0%         1d3       80%         1
 Slow                     Hex            0%         N/A       80%         1
 Summon Small Mammal      Summ           0%         N/A       80%         1
 Cigotuvi's Dreadful Rot  Necr/Pois/Air  0%         N/A       90%         2
 Poisonous Vapours        Pois/Air       0%         N/A       90%         2
 Sublimation of Blood     Necr           0%         N/A       90%         2
 Wereblood                Tmut           0%         N/A       90%         2
 Confusing Touch          Hex            0%         N/A       99%         3
 Ignite Poison            Fire/Tmut/Pois 0%         N/A       99%         3
 Inner Flame              Hex/Fire       0%         N/A       99%         3
 Mephitic Cloud           Conj/Pois/Air  0%         N/A       99%         3
 Portal Projectile        Hex/Tloc       0%         N/A       99%         3
 Spider Form              Tmut/Pois      0%         N/A       99%         3
 Tukima's Dance           Hex            0%         N/A       99%         3
 Vampiric Draining        Necr           0%         2d6       99%         3
 Vhi's Electric Charge    Tloc/Air       0%         N/A       99%         3
 Animate Dead             Necr           0%         N/A       100%        4
 Arcjolt                  Conj/Air       0%         1d10      100%        5
 Blade Hands              Tmut           0%         N/A       100%        5
 Freezing Cloud           Conj/Ice/Air   0%         6-21      100%        5
 Yara's Violent Unravell  Hex/Tmut       0%         3d3       100%        5
 Enfeeble                 Hex            0%         N/A       100%        7
 Haunt                    Necr/Summ      0%         N/A       100%        7
 Malign Gateway           Summ/Tloc      0%         N/A       100%        7
 Storm Form               Tmut/Air       0%         N/A       100%        7
 Summon Hydra             Summ           0%         N/A       100%        7
 Infestation              Necr           0%         N/A       100%        8
 Maxwell's Capacitive Co  Air            0%         ∞         100%        8
 Summon Horrible Things   Summ           0%         N/A       100%        8


Dungeon Overview and Level Annotations

Branches:
Dungeon (15/15)            Temple (1/1) D:5            Lair (5/5) D:10
 Shoals (0/4) Lair:2        Snake (2/4) Lair:3        Slime (0/5) Lair:5
    Orc (2/2) D:10            Elf (0/3) Orc:2        Vaults (0/5) D:13
 Depths (0/4) D:15

Altars:
Ashenzari
Cheibriados
Fedhas
Gozag
Hepliaklqana
Kikubaaqudgha
Makhleb
Nemelex Xobeh
Okawaru
Qazlal
Ru
Trog
Uskayaw
Vehumet
Wu Jian
Xom
Yredelemnul

Shops:
D:2 !   D:4 *   D:7 !   Orc:1 *   Orc:2 =(?[=(

Annotations:
D:8 3 runed translucent doors, BubbleThief's ghost, novice HOFi
D:10 2 transporters, LobsterGuardian's ghost, journeyman DsHW


Innate Abilities, Weirdness & Mutations

You have a pair of small antennae on your head.
You are mostly covered in slimy green scales. (AC +3)
Your demonic aura sometimes causes spilled blood to erupt in flames.
Spells you cast may paralyse nearby enemies.


Message History

The nagaraja hits you but does no damage.
The naga hits you with a +0 long sword!
* * * LOW HITPOINT WARNING * * *
The naga warrior is engulfed in freezing vapours.
The naga warrior spits poison at you. The splash of poison hits you.
You are poisoned.
You have difficulty breathing.
* * * LOW HITPOINT WARNING * * *
You feel as though you will be slow longer.
* * * LOW HITPOINT WARNING * * *
The naga warrior is engulfed in a thunderstorm.
The naga warrior hits you with a +0 battleaxe!
* * * LOW HITPOINT WARNING * * *
You feel more protected from physical attacks.
The naga mage gestures wildly while chanting.
The naga mage seems to speed up.
The naga mage hits you but does no damage.
The naga mage constricts you. The nagaraja spits poison at you.
The splash of poison hits you but does no damage.
Okay, then.
Unknown command.
You feel much better.
You feel very sick.
The nagaraja no longer looks unusually strong.
The naga warrior no longer looks unusually toxic.
The naga mage no longer looks unusually strong.
You block the naga's attack. You block the naga mage's attack.
The naga mage constricts you.
The naga warrior is engulfed in a thunderstorm.
The naga warrior hits you with a +0 battleaxe!
* * * LOW HITPOINT WARNING * * *
You feel more protected from physical attacks.
The naga warrior is engulfed in freezing vapours.
The naga warrior hits you with a +0 flail!
* * * LOW HITPOINT WARNING * * *
You feel more protected from physical attacks.
The naga hits you with a +0 long sword!
You die...

*#..............#.....,,,*
####.................,,***
[......[.)..........****
<..)........).....#**
..#...............#
..>............)/.###
$.........##...☼☼...###*****
......######..)N§N....#*,,,*
#...### ##.)☼@N°##..,,,,*####*
##.## #.>§NN.#**,,,,,*#...* ,,.#
#..N##.N...,,,**#...* ,***
***###..,#...#,*####).N#
,,***#####.,,*###.,.....,.S.N≈[S.
,,,,,......,,,,,,..,....,.N..)N##
..****.....,,,**,,,,,...,.....{*
.###**,#...###**,,,,,...*##.S***
..S.*,,*.....# *,,,.,,,,**#.N***


You could see a nagaraja (curare), 2 naga warriors, 3 naga magi and a naga
(fast, strong, curare, catching breath).

Vanquished Creatures
  Jorgrun (D:15)
  A fire giant (D:15)
  A nagaraja (Snake:2)
  2 dire elephants (Lair:5)
  4 vault guards (D:13)
  11 hydras
  An ogre mage (D:13)
  2 anacondas
  2 catoblepae
  5 centaur warriors
  4 boulder beetles
  A two-headed ogre (D:10)
  3 orc high priests (Orc:2)
  A tengu warrior (D:13)
  Urug (Orc:2)
  2 death yaks (Lair:5)
  2 shock serpents
  5 naga sharpshooters
  3 salamander mystics
  A skyshark (Lair:5)
  A spectral death yak (Lair:5)
  A spectral anaconda (Lair:5)
  An obsidian statue (Lair:5)
  2 naga ritualists (Snake:1)
  A lindwurm (Lair:5)
  2 wizards (D:13)
  5 deep elf pyromancers
  5 orc knights
  2 oklob plants
  3 mana vipers
  4 necromancers (Lair:5)
  2 ugly things
  5 orc sorcerers
  3 manticores
  13 salamanders
  2 cyclopes
  A dire elephant zombie (Lair:5)
  3 guardian serpents
  5 elephants (Lair:5)
  3 naga magi
  14 black mambas
  15 cane toads
  2 gargoyles (D:13)
  A torpor snail (Lair:2)
  A rime drake (Lair:4)
  5 komodo dragons
  3 unseen horrors
  2 yaktaurs
  Maggie (D:6)
  A tengu conjurer (D:13)
  An efreet (D:14)
  A kobold demonologist (D:12)
  A hornet (D:7)
  7 trolls
  A polar bear (Lair:2)
  7 blink frogs
  A wind drake (Lair:2)
  11 dream sheep
  A spectral elephant (Lair:5)
  10 slime creatures
  A shadow (D:11)
  8 wyverns
  Eustachio (D:5)
  46 yaks
  A fire elemental (D:13)
  2 fire bats (Lair:5)
  2 basilisks (Lair:5)
  A wraith (D:11)
  3 vampire mosquitoes
  A death yak simulacrum (Lair:5)
  2 steam dragons
  3 spectral cane toads (Lair:5)
  4 wargs
  Edmund (D:6)
  19 nagas
  4 acid dragons
  15 water moccasins
  Duvessa (D:6)
  2 black bears
  30 orc warriors
  A sky beast (shapeshifter) (D:15)
  An ice beast (D:6)
  3 elephant zombies (Lair:5)
  7 ogres
  3 boggarts (D:14)
  8 wolves
  11 centaurs
  An elephant skeleton (Lair:5)
  A phantom (D:6)
  4 kobold brigands (D:10)
  13 bullfrogs
  4 gnoll sergeants
  A cane toad simulacrum (Lair:5)
  2 scorpions
  A water moccasin zombie (D:6)
  Dowan (D:7)
  6 wights
  9 killer bees
  An electric eel (Lair:5)
  A howler monkey (D:5)
  5 crimson imps (D:9)
  5 lava snakes (Snake:1)
  A bullfrog zombie (D:6)
  A hound (D:6)
  3 jellies
  23 orc priests
  24 orc wizards
  3 iguanas
  A killer bee zombie (D:6)
  A howler monkey zombie (D:6)
  A howler monkey skeleton (D:6)
  11 adders
  16 gnolls
  4 shadow imps
  3 white imps
  An ufetubus (D:5)
  4 worms
  A dart slug (D:1)
  88 orcs
  5 bats
  7 endoplasms
  5 giant cockroaches
  10 goblins
  10 hobgoblins
  2 jackals (D:1)
  A quokka (D:1)
  3 training dummies (Orc:2)
  6 ball pythons
  6 frilled lizards
  5 kobolds
  3 rats (D:1)
688 creatures vanquished.

Vanquished Creatures (collateral kills)
  Gastronok (Lair:3)
  An orc warlord (Orc:2)
  2 hydras (Lair:2)
  A vault guard (D:13)
  2 naga warriors (Snake:2)
  A shock serpent (Snake:2)
  A naga mage (Snake:2)
  A rime drake (Lair:2)
  A troll (Orc:2)
  2 yaks (Lair:1)
  2 nagas (Snake:2)
  2 water moccasins
  An orc warrior (Orc:2)
  An orc (Orc:2)
19 creatures vanquished.

Vanquished Creatures (others)
  An angel (D:10)
  Nessos (Lair:5)
  A black mamba (Snake:1)
  A naga (Snake:2)
  A howler monkey (D:8)
  An orc (D:8)
  14 fungi
  66 plants
  38 withered plants
124 creatures vanquished.

Grand Total: 831 creatures vanquished

Notes
Turn   | Place    | Note
-------+----------+-------------------------------------------
     0 | D:1      | jlumianski the Demonspawn Fighter began the quest for the
                  | Orb.
     0 | D:1      | Reached XP level 1. HP: 18/18 MP: 1/1
    77 | D:1      | Gained mutation: Your demonic aura sometimes causes spilled
                  | blood to erupt in flames. [demonic ancestry]
    77 | D:1      | Reached XP level 2. HP: 22/24 MP: 2/2
   366 | D:2      | Gained mutation: You are partially covered in slimy green
                  | scales. (AC +2) [demonic ancestry]
   366 | D:2      | Reached XP level 3. HP: 29/29 MP: 3/3
   470 | D:2      | Found Aguj Mau's Distillery.
  1104 | D:1      | Gained mutation: You are mostly covered in slimy green
                  | scales. (AC +3) [demonic ancestry]
  1104 | D:1      | Reached XP level 4. HP: 35/35 MP: 4/4
  1656 | D:3      | Identified the +5 ring mail of Inaction {rC+}
  1914 | D:3      | Noticed a scorpion
  1925 | D:3      | Killed a scorpion
  1926 | D:3      | Reached skill level 1 in Dodging
  1926 | D:3      | Gained mutation: Spells you cast may paralyse adjacent
                  | enemies. [demonic ancestry]
  1926 | D:3      | Reached XP level 5. HP: 41/41 MP: 5/5
  2075 | D:3      | Found a hazy altar of Hepliaklqana.
  2197 | D:3      | Found a faded altar of an unknown god.
  2518 | D:2      | Bought 2 potions of heal wounds for 110 gold pieces
  2594 | D:5      | Entered Level 5 of the Dungeon
  2608 | D:5      | Found a staircase to the Ecumenical Temple.
  2622 | Temple   | Entered the Ecumenical Temple
  2640 | Temple   | Became a worshipper of Qazlal Stormbringer
  2664 | D:5      | Noticed Eustachio
  2698 | D:5      | Killed Eustachio
  2699 | D:5      | Reached XP level 6. HP: 34/48 MP: 6/6
  2957 | D:6      | Upgraded the game from 0.30-a0-1160-g6e42c06551 to
                  | 0.30-a0-1163-gf69bf04e7a
  3833 | D:4      | Reached skill level 1 in Invocations
  4011 | D:4      | Reached XP level 7. HP: 51/53 MP: 7/7
  4024 | D:4      | Reached skill level 5 in Axes
  4081 | D:4      | Found Adde's Assorted Antiques.
  4093 | D:4      | Bought a runed bone wand for 112 gold pieces
  4235 | D:4      | Reached * piety under Qazlal
  4298 | D:4      | Reached skill level 2 in Invocations
  4385 | D:4      | Found a sacrificial altar of Ru.
  4733 | D:6      | Noticed Maggie
  4742 | D:6      | Killed Maggie
  4743 | D:6      | Reached skill level 3 in Invocations
  4743 | D:6      | Reached XP level 8. HP: 43/61 MP: 10/10
  4749 | D:6      | Reached skill level 1 in Throwing
  4771 | D:6      | Reached skill level 4 in Invocations
  4948 | D:7      | Noticed Duvessa
  4948 | D:7      | Noticed Dowan
  4948 | D:7      | Found a snail-covered altar of Cheibriados.
  5422 | D:6      | Reached ** piety under Qazlal
  5430 | D:6      | Reached skill level 5 in Invocations
  5570 | D:6      | Noticed Edmund
  5576 | D:6      | Killed Edmund
  5577 | D:6      | Reached skill level 5 in Fighting
  5797 | D:6      | Reached XP level 9. HP: 68/68 MP: 13/13
  6253 | D:7      | Killed Dowan
  6263 | D:6      | Killed Duvessa
  6502 | D:7      | Reached skill level 6 in Invocations
  6766 | D:7      | Found Payt's Distillery.
  6773 | D:7      | Bought a potion of heal wounds for 65 gold pieces
  6773 | D:7      | Bought a potion of mutation for 104 gold pieces
  6924 | D:7      | Found a radiant altar of Vehumet.
  7003 | D:7      | Reached skill level 5 in Armour
  7241 | D:7      | Noticed a white ugly thing
  7248 | D:7      | Killed a white ugly thing
  7567 | D:6      | Killed an unseen horror
  7568 | D:6      | Reached skill level 7 in Invocations
  7929 | D:10     | Entered Level 10 of the Dungeon
  7932 | D:10     | Noticed a two-headed ogre
  7932 | D:10     | Noticed a six-headed hydra
  8272 | D:9      | Reached XP level 10. HP: 72/76 MP: 15/15
  8646 | D:8      | Found a runed translucent gate.
  8647 | D:8      | Found a runed translucent gate.
  8648 | D:8      | Noticed BubbleThief's ghost (novice HOFi)
  8653 | D:8      | Found a runed translucent gate.
  8840 | D:9      | Identified the ring of Figimirr {rElec rC+ Int+6 SInv}
  8877 | D:9      | Reached *** piety under Qazlal
  8999 | D:9      | Found a basalt altar of Yredelemnul.
  9006 | D:9      | Found a sparkling altar of Nemelex Xobeh.
  9011 | D:9      | Found a burning altar of Makhleb.
  9090 | D:9      | Reached skill level 5 in Shields
  9305 | D:9      | Reached skill level 8 in Invocations
  9452 | D:10     | Found a staircase to the Lair.
  9461 | D:10     | Killed a six-headed hydra
  9614 | D:10     | Killed a two-headed ogre
  9615 | D:10     | Reached skill level 10 in Axes
  9695 | D:10     | Gained mutation: You have a pair of small antennae on your
                  | head. [demonic ancestry]
  9695 | D:10     | Reached XP level 11. HP: 66/83 MP: 13/17
  9844 | D:10     | Found a staircase to the Orcish Mines.
  9854 | D:10     | Reached skill level 9 in Invocations
 10066 | D:10     | Found a shimmering altar of Xom.
 10068 | D:10     | Noticed an angel
 10070 | D:10     | Reached **** piety under Qazlal
 10247 | D:10     | Found a transporter.
 10250 | D:10     | Noticed a two-headed ogre
 10251 | D:10     | Noticed LobsterGuardian's ghost (journeyman DsHW)
 10263 | D:10     | Found a transporter.
 10277 | D:10     | Killed an angel
 10929 | D:12     | Noticed a deep elf pyromancer
 10936 | D:12     | Killed a deep elf pyromancer
 11388 | D:11     | Reached skill level 10 in Invocations
 11729 | D:13     | Noticed a brown ugly thing
 11739 | D:13     | Killed a brown ugly thing
 11861 | D:12     | Reached skill level 5 in Dodging
 12095 | D:13     | Noticed a boulder beetle
 12125 | D:12     | Killed a boulder beetle
 12126 | D:12     | Reached XP level 12. HP: 91/91 MP: 19/19
 12202 | D:13     | Noticed a centaur warrior
 12207 | D:13     | Reached ***** piety under Qazlal
 12211 | D:13     | Killed a centaur warrior
 12237 | D:13     | Identified the +7 rapier "Honaa" {vamp, rPois Will+ Int+3}
 12280 | D:14     | Noticed a tengu warrior
 12284 | D:14     | Noticed a boulder beetle
 12295 | D:13     | Killed a tengu warrior
 12403 | D:13     | Killed a boulder beetle
 12404 | D:13     | Reached skill level 11 in Invocations
 12688 | D:13     | Noticed a centaur warrior
 12696 | D:13     | Killed a centaur warrior
 12740 | D:13     | Noticed a vault guard
 12747 | D:13     | Noticed a vault guard
 12826 | D:13     | Noticed an eight-headed hydra
 12839 | D:13     | Killed an eight-headed hydra
 13208 | D:14     | Noticed a centaur warrior
 13217 | D:14     | Killed a centaur warrior
 13387 | D:15     | Entered Level 15 of the Dungeon
 13387 | D:15     | Noticed a seven-headed hydra
 13480 | D:13     | Noticed a vault guard
 13481 | D:13     | Noticed an ogre mage
 13485 | D:13     | Noticed a vault guard
 13490 | D:13     | Reached skill level 1 in Long Blades
 13492 | D:13     | Noticed a vault guard
 13499 | D:13     | Killed a vault guard
 13502 | D:13     | Killed an ogre mage
 13512 | D:13     | Got Loot's Compendium of the Nimbus
 13620 | D:13     | Upgraded the game from 0.30-a0-1163-gf69bf04e7a to
                  | 0.31-a0-1-g4198be8af4
 13774 | D:13     | Reached skill level 12 in Invocations
 13775 | D:13     | Killed a vault guard
 13845 | D:13     | Killed a vault guard
 13864 | D:13     | Killed a vault guard
 13867 | D:13     | Killed a vault guard
 13868 | D:13     | Reached XP level 13. HP: 91/98 MP: 17/22
 13876 | D:13     | Found a gate to the Vaults.
 14360 | Lair:1   | Entered Level 1 of the Lair of Beasts
 15441 | Lair:1   | Reached skill level 13 in Invocations
 15568 | Lair:2   | Found a staircase to the Shoals.
 17194 | Lair:3   | Found a staircase to the Snake Pit.
 17574 | Lair:3   | Noticed Gastronok
 17584 | Lair:3   | Killed Gastronok
 17585 | Lair:3   | Gained mutation: Spells you cast may paralyse nearby
                  | enemies. [demonic ancestry]
 17585 | Lair:3   | Reached XP level 14. HP: 108/108 MP: 20/24
 17637 | Lair:5   | Entered Level 5 of the Lair of Beasts
 17645 | Lair:4   | Reached skill level 14 in Invocations
 17959 | Lair:5   | Noticed Nessos
 17969 | Lair:4   | Reached skill level 10 in Shields
 18723 | Lair:5   | Killed Nessos
 19773 | Lair:5   | Found a staircase to the Slime Pits.
 20608 | Lair:5   | Reached skill level 15 in Invocations
 21469 | D:14     | Reached skill level 10 in Fighting
 21490 | D:15     | Noticed a fire giant
 21740 | D:14     | Found an iron altar of Okawaru.
 21844 | D:15     | Found a staircase to the Depths.
 21868 | D:15     | Killed a fire giant
 22093 | D:15     | Noticed Jorgrun
 22108 | D:15     | Killed Jorgrun
 22109 | D:15     | Reached XP level 15. HP: 91/115 MP: 26/26
 22726 | D:15     | Found an opulent altar of Gozag.
 23026 | Snake:1  | Entered Level 1 of the Snake Pit
 23041 | Lair:3   | Reached skill level 1 in Maces & Flails
 23592 | Orc:1    | Entered Level 1 of the Orcish Mines
 23671 | Orc:2    | Entered Level 2 of the Orcish Mines
 23671 | Orc:2    | Found Bemueke's Firing Range.
 23680 | Orc:1    | Reached skill level 1 in Evocations
 23709 | Orc:2    | Noticed Urug
 23725 | Orc:2    | Killed Urug
 23944 | Orc:2    | Found Papiumoupn's Magic Scroll Emporium.
 23953 | Orc:2    | Bought a scroll of enchant weapon for 105 gold pieces
 24286 | Orc:1    | Found Hod Gaho's Assorted Antiques.
 24300 | Orc:1    | Paralysed by an orc sorcerer for 5 turns
 24392 | Orc:1    | Bought a runed hat for 224 gold pieces
 24531 | Orc:2    | Found a staircase to the Elven Halls.
 25049 | Orc:2    | Reached skill level 16 in Invocations
 25313 | Orc:2    | Reached skill level 15 in Axes
 25457 | Orc:2    | Bought a scroll of magic mapping for 105 gold pieces
 25457 | Orc:2    | Bought a scroll of teleportation for 42 gold pieces
 25507 | Orc:2    | Found Otitipnog's Jewellery Boutique.
 25512 | Orc:2    | Found Buimuv Ani's Armour Shoppe.
 25519 | Orc:2    | Found Xoum's Antique Weapon Shoppe.
 25521 | Orc:2    | Found Wid Aloa's Jewellery Boutique.
 25530 | Orc:2    | Bought the amulet "Dogg" {rC+ Regen+ Stlth+} for 608 gold
                  | pieces
 25533 | Orc:2    | Bought a crystal quick blade for 500 gold pieces
 25533 | Orc:2    | Identified the +4 quick blade of Fimbulwinter {heavy,
                  | Int+4} (You bought it in a shop on level 2 of the Orcish
                  | Mines)
 25541 | Orc:2    | Bought a +2 pair of boots for 214 gold pieces
 25830 | Snake:1  | Found a transporter.
 25965 | Snake:1  | You fall into a shaft and drop 1 floor!
 25967 | Snake:2  | Reached ****** piety under Qazlal
 26375 | Snake:1  | Found a transporter.
 26558 | Snake:1  | Identified the ring "Xeismos" {rPois rF+}
 26729 | Snake:2  | Noticed a nagaraja
 26737 | Snake:2  | Killed a nagaraja
 26818 | Snake:2  | Reached XP level 16. HP: 124/124 MP: 28/28
 26842 | Snake:2  | HP: 5/124 [naga warrior/+0 battleaxe (17)]
 26843 | Snake:2  | Slain by a naga

Illustrated notes

Levels and vault maps discovered:
D:1:      dpeg_arrival_erosion, layout_basic
D:2:      minmay_chambers_of_ones, layout_basic, serial_shops,
          nicolae_shop_industrial_runoff
D:3:      layout_basic, nicolae_overflow_hidden_temple,
          shapermc_ecumenical_altar_mp_ritualfount, minmay_three_crescents
D:4:      layout_gridville, nicolae_ru_path_of_blood, serial_shops,
          shop_fountains, chequers_serial_rivers_marsh
D:5:      layout_gridville, minmay_temple_entry_arrows, uniq_eustachio
D:6:      layout_loops_ring, serial_undead, serial_undead_b, serial_undead_b,
          serial_undead_d, serial_undead_c, grunt_ministairs_12,
          nicolae_eternal_life, uniq_maggie, uniq_edmund
D:7:      layout_basic, vehumet_altar_wand_db, overflow_temple_1_default,
          serial_shops, nicolae_shop_peninsula, minmay_small_thing, uniq_duvessa
D:8:      layout_rooms, gammafunk_ghost_nasty_kobolds
D:9:      layout_basic, minitemple, minmay_nine_imps
D:10:     layout_stronghold, grunt_temple_overflow_order_and_chaos_1,
          lair_entry_dummy, kennysheep_orc_monster_closet_entryway,
          gammafunk_ghost_arena, serial_column_ruins, column_ruins_open_small,
          column_ruins_corridor_corner, column_ruins_open_small,
          column_ruins_open_large, column_ruins_columns_T
D:11:     layout_roguey
D:12:     layout_long_grid, st_stairs_2
D:13:     cheibrodos_lost_city_excavation, layout_layer_cave,
          grunt_vaults_entry_fortified
D:14:     layout_rooms, okawaru_gym_becter
D:15:     grunt_enter_depths_giant_problem, layout_layer_cave,
          grunt_gozag_statues, uniq_jorgrun
Temple:   ebering_untended_altars
Lair:1:   layout_chaotic_city, lemuel_fruit_tree
Lair:2:   nzn_winding_woodlands_large [nzn_winding_woodlands_5x5_open_star,
          nzn_winding_woodlands_5x15_longhouse, nzn_winding_woodlands_hourglass,
          nzn_winding_woodlands_center_pierced_h,
          nzn_winding_woodlands_15x15_five_gardens,
          nzn_winding_woodlands_center_lodge, nzn_winding_woodlands_5x5_cross,
          nzn_winding_woodlands_5x15_pathside_ponds,
          nzn_winding_woodlands_5x5_perimeter], layout_regular_city,
          minmay_shoals_entry_beasts
Lair:3:   layout_misc_corridors, minmay_snake_entry_spellcaster, uniq_gastronok
Lair:4:   layout_cave_pods
Lair:5:   due_jungle_book, layout_gridlike, dpeg_slime_entry_enclosed,
          serial_bayou_shore_a, serial_bayou_shore_b, uniq_nessos
Snake:1:  gammafunk_its_a_trap, layout_basic, nrook_guardian_serpent_double
Snake:2:  layout_misc_corridors, serial_bayou_shore_b, minmay_shop_grove
Orc:1:    layout_caves, serial_shops, nicolae_shop_advertising_works
          [nicolae_subvault_shop_adworks], basic_altar
Orc:2:    st_orc_elflike, layout_diamond_mine, serial_shops,
          nicolae_shop_tiny_statue_garden, nicolae_orc_rockfall,
          nicolae_shop_firing_range, uniq_urug

Skill      XL: |  1  2  3  4  5  6  7  8  9 10 11 12 13 14 15 |
---------------+----------------------------------------------+-----
Axes           | 2 3 4 5 7 8 10 11 12 13 14 15 | 15.4
Armour         | 3 4 5 6 7 8 |  8.5
Shields        | 3 4 5 7 8 9 10 11 | 11.8
Dodging        | 1 2 3 4 5 6 7 |  7.8
Invocations    | 1 3 5 7 8 10 12 13 15 16 | 16.4
Fighting       | 4 5 6 7 8 9 10 | 10.6
Throwing       | 1 2 |  2.7
Long Blades    | 1 |  1.0
Maces & Flails | 1 |  1.5
Evocations     | 4 |  4.5

Action                     |  1- 3 |  4- 6 |  7- 9 | 10-12 | 13-15 | 16-18 || total
---------------------------+-------+-------+-------+-------+-------+-------++-------
  Melee: War axe           |   100 |   146 |   257 |       |       |       ||   503
         Broad axe         |       |       |    80 |   396 |   913 |    16 ||  1405
         Scimitar          |       |       |       |     7 |    24 |       ||    31
         Mace              |       |       |       |       |    20 |       ||    20
  Throw: Stone             |       |     2 |       |       |       |       ||     2
         Dart              |       |     7 |     7 |    21 |     8 |       ||    43
 Invoke: Upheaval          |       |       |     1 |     7 |    10 |       ||    18
         Elemental Force   |       |       |       |     2 |     7 |     1 ||    10
  Evoke: Wand              |       |     5 |     1 |     2 |     3 |       ||    11
         Box of beasts     |       |       |       |       |     2 |       ||     2
         Phial of floods   |       |       |       |       |     1 |       ||     1
    Use: Scroll            |       |     4 |    18 |     5 |    10 |       ||    37
         Potion            |       |     5 |     5 |     3 |     4 |     2 ||    19
   Stab: Paralysed         |       |     5 |     2 |     2 |     1 |     1 ||    11
         Distracted        |       |       |       |     1 |       |       ||     1
 Armour: Scale mail        |    53 |     6 |       |       |       |       ||    59
         Ring mail         |       |    83 |   274 |   256 |   412 |       ||  1025
         Chain mail        |       |       |       |       |    49 |     8 ||    57
  Dodge: Dodged            |    55 |    99 |   206 |   231 |   377 |     4 ||   972
         Repelled          |       |       |       |     3 |    11 |       ||    14
  Block: Buckler           |    23 |    34 |   152 |    46 |       |       ||   255
         Kite shield       |       |       |       |   352 |   956 |    21 ||  1329
         Reflection        |       |       |       |    22 |    61 |     5 ||    88

Table legend: (Time is in decaauts)
 A = Elapsed time spent in this place.
 B = Non-inter-level travel time spent in this place.
 C = Inter-level travel time spent in this place.
 D = Time resting spent in this place.
 E = Time spent auto-exploring this place.
 F = Levels seen in this place.
 G = Mean time per level.
                   A        B        C        D        E       F      G
               +--------+--------+--------+--------+--------+-----+--------+
         Total |  27784 |  26428 |   1356 |   3008 |  14395 |  25 | 1111.4 |
       Dungeon |  16556 |  15739 |    817 |   1750 |   8921 |  15 | 1103.7 |
        Temple |     30 |     30 |      0 |      0 |      5 |   1 |   30.0 |
          Lair |   7585 |   7126 |    459 |    734 |   4158 |   5 | 1517.0 |
     Snake Pit |   1414 |   1371 |     43 |    251 |    452 |   2 |  707.0 |
  Orcish Mines |   2198 |   2163 |     35 |    273 |    859 |   2 | 1099.0 |
               +--------+--------+--------+--------+--------+-----+--------+

Top non-repeatable levels by time:
    D:13: 2187 daAuts
     D:6: 2119 daAuts
  Lair:5: 1878 daAuts
  Lair:4: 1756 daAuts
    D:10: 1674 daAuts
  Lair:2: 1587 daAuts
   Orc:2: 1482 daAuts
     D:7: 1334 daAuts
  Lair:1: 1334 daAuts
 Snake:1: 1303 daAuts
    D:15: 1099 daAuts
     D:4: 1082 daAuts
  Lair:3: 1028 daAuts
     D:3: 980 daAuts
     D:2: 970 daAuts
